[Event "34th MPL National U14G-ch 2022"]
[Site "Ahmedabad"]
[Date "2022.05.11"]
[Round "6.6"]
[White "Sanikommu Manasvi"]
[Black "Arshiya Das"]
[Result "1/2-1/2"]
[ECO "A05"]
[WhiteElo "1399"]
[BlackElo "1456"]
[Annotator "NA RC COMBH"]
[PlyCount "61"]
[EventDate "2022.05.09"]
[EventType "swiss"]
[EventCountry "IND"]
[SourceTitle "playchess.com"]
[Source "ChessBase"]
[SourceQuality "1"]
[TimeControl "5400+30"]

1. e4 c5 2. Nf3 d6 3. d3 Nc6 4. g3 Nf6 5. Bg2 g6 6. O-O Bg7 7. Nbd2 O-O 8. Re1 Qc7 9. Nf1 d5 10. exd5 Nxd5 11. h4 Rd8 12. Qe2 Bg4 13. N1h2 Nd4 14. Qd1 Nxf3+ 15. Bxf3 Bxf3 16. Qxf3 Nb4 17. Qe2 Qa5 18. Rd1 Qa6 19. Ng4 f5 20. Nh6+ Kf8 21. Bg5 Re8 22. c3 Nd5 23. Qf3 Nf6 24. d4 cxd4 25. Rxd4 Ng8 26. Nxg8 Bxd4 27. Bxe7+ Kxg8 28. Qd5+ Kg7 29. Qxd4+ Kf7 30. Bg5 Qe6 31. Rd1 1/2-1/2

[Event "34th MPL National U14G-ch 2022"]
[Site "Ahmedabad"]
[Date "2022.05.11"]
[Round "6.7"]
[White "Aswinika Mani R"]
[Black "Rout Yashita"]
[Result "1/2-1/2"]
[ECO "C54"]
[WhiteElo "1408"]
[BlackElo "1718"]
[Annotator "NA RC COMBH"]
[PlyCount "77"]
[EventDate "2022.05.09"]
[EventType "swiss"]
[EventCountry "IND"]
[SourceTitle "playchess.com"]
[Source "ChessBase"]
[SourceQuality "1"]
[TimeControl "5400+30"]

1. e4 e5 2. Nf3 Nc6 3. Bc4 Bc5 4. c3 Nf6 5. d3 d6 6. h3 a6 7. b4 Ba7 8. a4 h6 9. Qb3 Qe7 10. Be3 Bxe3 11. fxe3 Nd8 12. Nbd2 Be6 13. O-O-O Bxc4 14. Nxc4 Ne6 15. Rhf1 Qd7 16. d4 b5 17. axb5 axb5 18. Ncxe5 dxe5 19. dxe5 Qc6 20. exf6 gxf6 21. Kb2 Qxe4 22. Qd5 Qxd5 23. Rxd5 c6 24. Rf5 Ke7 25. Nd2 Rhg8 26. g4 Rgd8 27. Ne4 Ng5 28. Nxg5 hxg5 29. R1f2 Rd6 30. e4 Re6 31. e5 Rxe5 32. Rxf6 Re2+ 33. Rxe2+ Kxf6 34. Rf2+ Ke6 35. Kb3 Ra1 36. Re2+ Kd6 37. Rf2 Ke6 38. Re2+ Kf6 39. Rf2+ 1/2-1/2

[Event "34th MPL National U14G-ch 2022"]
[Site "Ahmedabad"]
[Date "2022.05.11"]
[Round "6.8"]
[White "Anupam M Sreekumar"]
[Black "Tejasvee Naresh Singh"]
[Result "1-0"]
[ECO "B52"]
[WhiteElo "1673"]
[BlackElo "1351"]
[Annotator "NA RC COMBH"]
[PlyCount "95"]
[EventDate "2022.05.09"]
[EventType "swiss"]
[EventCountry "IND"]
[SourceTitle "playchess.com"]
[Source "ChessBase"]
[SourceQuality "1"]
[TimeControl "5400+30"]

1. e4 c5 2. Nf3 d6 3. Bb5+ Bd7 4. Bxd7+ Qxd7 5. c4 Nc6 6. d4 cxd4 7. Nxd4 e6 8. Nc3 Nf6 9. Be3 Be7 10. O-O O-O 11. Rc1 Rac8 12. b3 Rfd8 13. h3 Qe8 14. Nxc6 Qxc6 15. Qf3 b6 16. Rfd1 Rd7 17. Rd3 Qb7 18. Rcd1 Rcd8 19. Bg5 h6 20. Bh4 Ne8 21. Bxe7 Rxe7 22. e5 Qxf3 23. gxf3 Red7 24. exd6 Rxd6 25. Rxd6 Rxd6 26. Rxd6 Nxd6 27. Kf1 Kf8 28. Ke2 Ke7 29. Kd3 Kf6 30. Ne4+ Ke7 31. Nxd6 Kxd6 32. f4 g6 33. h4 f6 34. b4 e5 35. Ke4 exf4 36. Kxf4 a5 37. a3 a4 38. Ke4 h5 39. f4 Ke6 40. c5 bxc5 41. bxc5 Kd7 42. Kd5 g5 43. fxg5 fxg5 44. hxg5 h4 45. Ke4 h3 46. Kf3 h2 47. Kg2 h1=Q+ 48. Kxh1 1-0

[Event "34th MPL National U14G-ch 2022"]
[Site "Ahmedabad"]
[Date "2022.05.12"]
[Round "7.1"]
[White "Mrittika Mallick"]
[Black "Shreya G Hipparagi"]
[Result "1/2-1/2"]
[ECO "C54"]
[WhiteElo "1982"]
[BlackElo "1548"]
[Annotator "TA"]
[PlyCount "76"]
[EventDate "2022.05.09"]
[EventType "swiss"]
[EventCountry "IND"]
[SourceTitle "playchess.com"]
[Source "ChessBase"]
[SourceQuality "1"]
[TimeControl "5400+30"]

1. e4 e5 2. Nf3 Nc6 3. Bc4 Bc5 4. c3 Nf6 5. d3 a6 6. Bb3 d6 7. h3 {[%emt 0:00:57] C54: Giuoco Piano: 4 c3 Nf6, main lines with 5 d4 and 5 d3.} h6 8. Nbd2 O-O 9. Nf1 Ne7 10. g4 Nh7 {[%emt 0:07:33] [#]} 11. g5 $146 ({Predecessor:} 11. Ng3 Be6 12. Bc2 Ng6 13. Nf5 d5 14. Qe2 b5 15. b3 Qd7 16. Bd2 Ba3 17. Rd1 Rfe8 18. O-O Bf8 19. N3h4 Nf4 20. Bxf4 exf4 21. Qf3 Ng5 22. Qg2 {½-½ (22) Semina,S (2204)-Leveikina,J Germany 2001}) 11... h5 12. Ng3 (12. Nh4 $5 ) 12... g6 $1 13. Qe2 Be6 14. Be3 Bxe3 15. fxe3 Qd7 16. Bxe6 Qxe6 17. Kd2 f5 18. gxf6 Rxf6 {[%emt 0:01:56] With the idea ...Raf8.} 19. Qg2 $1 Raf8 20. Rhf1 Kh8 21. b3 a5 22. Nh4 Qf7 (22... a4 $5 23. Kc2 Qf7 $15) 23. Ke2 c6 (23... a4 $15 24. Rxf6 Nxf6) 24. Rf3 (24. Rxf6 $142 Qxf6 25. Nf3) 24... Qe6 (24... Ng5 $2 25. Rxf6 Qxf6 26. Rf1 $18) (24... a4 $5 25. bxa4 Rxf3 26. Nxf3 Ra8 $11) 25. Raf1 {[%emt 0:01:54] The position is equal.} a4 26. Rxf6 Rxf6 27. c4 b5 28. Rc1 axb3 29. axb3 bxc4 30. bxc4 Rf8 31. Nf3 c5 32. Rf1 Nc6 33. Ng5 Qe7 34. Nxh7 Kxh7 35. Rxf8 Qxf8 36. Nf1 Qf6 37. Nd2 g5 38. Nb1 Kh6 {[%emt 0:01:02] Weighted Error Value: White=0.10 (very precise) /Black=0.11 (very precise)} 1/2-1/2

[Event "34th MPL National U14G-ch 2022"]
[Site "Ahmedabad"]
[Date "2022.05.12"]
[Round "7.2"]
[White "Rajanya Datta"]
[Black "Bhat Sannidhi Ramakrishna"]
[Result "1/2-1/2"]
[ECO "B01"]
[WhiteElo "1589"]
[BlackElo "1373"]
[Annotator "NA RC COMBH"]
[PlyCount "60"]
[EventDate "2022.05.09"]
[EventType "swiss"]
[EventCountry "IND"]
[SourceTitle "playchess.com"]
[Source "ChessBase"]
[SourceQuality "1"]
[TimeControl "5400+30"]

1. e4 d5 2. exd5 Qxd5 3. Nc3 Qa5 4. d4 c6 5. Bc4 Nf6 6. Nf3 Bg4 7. h3 Bxf3 8. Qxf3 e6 9. Bd2 Qc7 10. O-O-O Nbd7 11. Rhe1 O-O-O 12. Bb3 Bb4 13. a3 Bd6 14. Kb1 h6 15. g4 Nf8 16. Ne4 Nxe4 17. Qxe4 g5 18. d5 exd5 19. Qd4 Ne6 20. Qxa7 Bc5 21. Qa4 Bxf2 22. Rf1 Bd4 23. Qa8+ Qb8 24. Qxb8+ Kxb8 25. Rxf7 Rhf8 26. Rxf8 Rxf8 27. c4 dxc4 28. Bxc4 Nf4 29. Bxf4+ Rxf4 30. Rf1 Rxf1+ 1/2-1/2

[Event "34th MPL National U14G-ch 2022"]
[Site "Ahmedabad"]
[Date "2022.05.12"]
[Round "7.3"]
[White "Sneha Halder"]
[Black "Roy Aanya"]
[Result "1/2-1/2"]
[ECO "E65"]
[WhiteElo "1557"]
[BlackElo "1560"]
[Annotator "NA RC COMBH"]
[PlyCount "75"]
[EventDate "2022.05.09"]
[EventType "swiss"]
[EventCountry "IND"]
[SourceTitle "playchess.com"]
[Source "ChessBase"]
[SourceQuality "1"]
[TimeControl "5400+30"]

1. d4 Nf6 2. c4 c5 3. e3 g6 4. Nf3 Bg7 5. Nc3 O-O 6. g3 d6 7. Bg2 Na6 8. O-O Nc7 9. b3 a6 10. Bb2 Rb8 11. dxc5 dxc5 12. Qxd8 Rxd8 13. Na4 Nd7 14. Bxg7 Kxg7 15. Rad1 Ne6 16. Rd2 b5 17. Nb2 Bb7 18. Rfd1 Nb6 19. Ne5 Bxg2 20. Kxg2 Rxd2 21. Rxd2 f6 22. Nc6 Rb7 23. Na5 Rd7 24. Rxd7 Nxd7 25. a4 Nc7 26. Nd3 bxa4 27. bxa4 e5 28. Nb7 Ne6 29. e4 f5 30. f3 fxe4 31. fxe4 Kf6 32. a5 Ke7 33. h4 h5 34. Kf2 Kf6 35. Ke3 Ke7 36. Kd2 Kf6 37. Nd6 g5 38. Nb7 1/2-1/2

[Event "34th MPL National U14G-ch 2022"]
[Site "Ahmedabad"]
[Date "2022.05.12"]
[Round "7.4"]
[White "Falak Joni Naik"]
[Black "Anupam M Sreekumar"]
[Result "0-1"]
[ECO "D05"]
[WhiteElo "1349"]
[BlackElo "1673"]
[Annotator "NA RC COMBH"]
[PlyCount "74"]
[EventDate "2022.05.09"]
[EventType "swiss"]
[EventCountry "IND"]
[SourceTitle "playchess.com"]
[Source "ChessBase"]
[SourceQuality "1"]
[TimeControl "5400+30"]

1. d4 d5 2. Nf3 Nf6 3. e3 e6 4. Bd3 Be7 5. O-O O-O 6. b3 c5 7. Bb2 Nc6 8. a3 b6 9. Nbd2 Bb7 10. Ne5 Nxe5 11. dxe5 Ne4 12. f4 Rc8 13. Rf3 f5 14. Rh3 Nxd2 15. Qh5 c4 16. Be2 h6 17. Qg6 Qe8 18. Qxe6+ Qf7 19. Qxf7+ Rxf7 20. Rd1 c3 21. Bxc3 Rxc3 22. Rxd2 Bxa3 23. g4 Bc5 24. Rd3 Rxc2 25. Bf3 Ba6 26. e6 Re7 27. Rxd5 Bxe3+ 28. Kh1 Rc1+ 29. Bd1 Rxd1+ 30. Kg2 Bf1+ 31. Kf3 Rxd5 32. Rg3 Rxe6 33. gxf5 Rxf5 34. Rg4 h5 35. Rh4 g5 36. Rxh5 Rxf4+ 37. Kg3 Bf2# 0-1

[Event "34th MPL National U14G-ch 2022"]
[Site "Ahmedabad"]
[Date "2022.05.12"]
[Round "7.5"]
[White "Shubhi Gupta"]
[Black "Jeevika S"]
[Result "0-1"]
[ECO "D66"]
[WhiteElo "1613"]
[BlackElo "1433"]
[Annotator "NA RC COMBH"]
[PlyCount "156"]
[EventDate "2022.05.09"]
[EventType "swiss"]
[EventCountry "IND"]
[SourceTitle "playchess.com"]
[Source "ChessBase"]
[SourceQuality "1"]
[TimeControl "5400+30"]

1. d4 d5 2. c4 e6 3. Nc3 Nf6 4. Bg5 Be7 5. e3 O-O 6. Nf3 Nbd7 7. Rc1 c6 8. Bd3 h6 9. Bh4 Ne8 10. Bg3 Bd6 11. O-O Bxg3 12. hxg3 f5 13. Ne2 Nd6 14. Nf4 Re8 15. Ng6 Qf6 16. Nfe5 Nf7 17. f4 Ndxe5 18. Nxe5 Nxe5 19. fxe5 Qg5 20. Qf3 Bd7 21. Rc3 Rac8 22. cxd5 cxd5 23. Rfc1 Rxc3 24. Rxc3 Rc8 25. Kf2 h5 26. Qd1 h4 27. gxh4 Qxh4+ 28. Kg1 f4 29. Rxc8+ Bxc8 30. Qc1 Bd7 31. exf4 g5 32. Qc7 Qe1+ 33. Bf1 Qe3+ 34. Kh1 Qxf4 35. Qd8+ Qf8 36. Qxg5+ Qg7 37. Qd8+ Qf8 38. Qxf8+ Kxf8 39. Kh2 Kg7 40. Kg3 Kh6 41. Kh4 Kg6 42. g4 a6 43. Bd3+ Kh6 44. b4 b5 45. Be2 Kg6 46. Bd1 Bc6 47. Bc2+ Kh6 48. Bf5 exf5 49. gxf5 Kg7 50. Kg5 Kf7 51. Kh6 Be8 52. Kg5 Bc6 53. e6+ Ke7 54. Kg6 Be8+ 55. Kg7 Bh5 56. Kh6 Be8 57. Kg7 Bh5 58. a3 Be8 59. Kg8 Kf6 60. Kf8 Bh5 61. e7 Kxf5 62. e8=Q Bxe8 63. Kxe8 Ke4 64. Kd7 Kxd4 65. Kc6 Kc4 66. Kb6 d4 67. Kxa6 d3 68. a4 bxa4 69. b5 d2 70. b6 d1=Q 71. b7 Qd6+ 72. Ka7 Qc7 73. Ka8 Qa5+ 74. Kb8 Kc5 75. Kc8 Qa6 76. Kc7 Qa7 77. Kc8 Kc6 78. b8=Q Qd7# 0-1

[Event "34th MPL National U14G-ch 2022"]
[Site "Ahmedabad"]
[Date "2022.05.12"]
[Round "7.6"]
[White "Sanikommu Manasvi"]
[Black "Pragnya H G"]
[Result "1/2-1/2"]
[ECO "B56"]
[WhiteElo "1399"]
[BlackElo "1605"]
[Annotator "NA RC COMBH"]
[PlyCount "67"]
[EventDate "2022.05.09"]
[EventType "swiss"]
[EventCountry "IND"]
[SourceTitle "playchess.com"]
[Source "ChessBase"]
[SourceQuality "1"]
[TimeControl "5400+30"]

1. e4 c5 2. Nf3 d6 3. d4 cxd4 4. Nxd4 Nf6 5. Nc3 Nc6 6. Be3 Ng4 7. Bc1 Qb6 8. Bb5 Bd7 9. Bxc6 bxc6 10. O-O g6 11. h3 Bg7 12. Nb3 Ne5 13. Be3 Qc7 14. Qe2 c5 15. Nd5 Qd8 16. f4 Nc6 17. Rad1 O-O 18. f5 Ne5 19. Bd2 Nc6 20. Bc3 Bxc3 21. bxc3 Ne5 22. f6 exf6 23. Nxf6+ Kg7 24. Nxd7 Qxd7 25. Qf2 Qe6 26. Qd2 Nc4 27. Qe2 Rae8 28. Rf4 f5 29. Re1 g5 30. Rff1 Qxe4 31. Qh5 Qxe1 32. Qxg5+ Kh8 33. Rxe1 Rxe1+ 34. Kf2 1/2-1/2

[Event "34th MPL National U14G-ch 2022"]
[Site "Ahmedabad"]
[Date "2022.05.12"]
[Round "7.7"]
[White "Sachi Jain"]
[Black "Debapriya Manna"]
[Result "0-1"]
[ECO "B06"]
[WhiteElo "1768"]
[BlackElo "1384"]
[Annotator "NA RC COMBH"]
[PlyCount "124"]
[EventDate "2022.05.09"]
[EventType "swiss"]
[EventCountry "IND"]
[SourceTitle "playchess.com"]
[Source "ChessBase"]
[SourceQuality "1"]
[TimeControl "5400+30"]

1. e4 c5 2. Nf3 g6 3. d4 cxd4 4. Nxd4 Bg7 5. f4 Nc6 6. Nf3 d6 7. Bd3 Nf6 8. O-O Qb6+ 9. Kh1 O-O 10. Nc3 Bg4 11. Qe1 Bxf3 12. Rxf3 Nd4 13. Rf1 Nd7 14. Qh4 Bf6 15. Qh3 Qd8 16. f5 e6 17. fxe6 fxe6 18. Be3 Qe7 19. Bc4 Nb6 20. Bd3 Rf7 21. Bh6 Bg7 22. Rxf7 Qxf7 23. Rf1 Qe7 24. Bxg7 Kxg7 25. Nd1 e5 26. Ne3 Rf8 27. Rxf8 Qxf8 28. Qh4 Qf6 29. Qg3 Qf4 30. Nf5+ Nxf5 31. Qxf4 exf4 32. exf5 g5 33. Kg1 Kf6 34. Kf2 g4 35. b3 Nc8 36. Be4 b6 37. h3 h5 38. Bc6 Ne7 39. Be8 Nxf5 40. Bxh5 g3+ 41. Kg1 Ke5 42. Bg6 Ne3 43. Bd3 a5 44. a4 d5 45. Bg6 Kf6 46. Bh7 Kg5 47. Bd3 Kh4 48. Bg6 f3 49. gxf3 Kxh3 50. f4 Kg4 51. c3 Kxf4 52. b4 Nd1 53. bxa5 bxa5 54. Bf7 Nxc3 55. Be8 d4 56. Bg6 Nxa4 57. Bc2 Nc3 58. Kg2 a4 59. Bd3 a3 60. Bc4 a2 61. Bxa2 Nxa2 62. Kg1 d3 0-1

[Event "34th MPL National U14G-ch 2022"]
[Site "Ahmedabad"]
[Date "2022.05.12"]
[Round "7.8"]
[White "Rout Yashita"]
[Black "Shriyana S Mallya"]
[Result "1/2-1/2"]
[ECO "C06"]
[WhiteElo "1718"]
[BlackElo "1353"]
[Annotator "NA RC COMBH"]
[PlyCount "147"]
[EventDate "2022.05.09"]
[EventType "swiss"]
[EventCountry "IND"]
[SourceTitle "playchess.com"]
[Source "ChessBase"]
[SourceQuality "1"]
[TimeControl "5400+30"]

1. e4 e6 2. d4 d5 3. Nd2 Nf6 4. e5 Nfd7 5. Bd3 c5 6. c3 Nc6 7. Ne2 cxd4 8. cxd4 f6 9. exf6 Nxf6 10. Nf3 Bd6 11. O-O Qc7 12. Re1 O-O 13. Ng3 h6 14. a3 Bd7 15. Bd2 Rac8 16. Rc1 Qb6 17. Bc3 Bf4 18. Rc2 Na5 19. Bxa5 Qxa5 20. Qe2 Rxc2 21. Bxc2 Rc8 22. Bd3 a6 23. Ne5 Qxe1+ 24. Qxe1 Rc1 25. Kf1 Rxe1+ 26. Kxe1 Bc1 27. b3 Bxa3 28. Ne2 Kf8 29. Nf4 Ke7 30. h4 Bb2 31. Ne2 Be8 32. Kd2 Nd7 33. Nf3 Ba3 34. g4 Bd6 35. Bc2 Nf6 36. g5 Ng4 37. Ke1 Bb4+ 38. Kf1 Bd6 39. Kg2 b5 40. Nc3 Kd8 41. Nd1 Bd7 42. Ne1 hxg5 43. hxg5 Bf4 44. Kf3 e5 45. Nd3 Bxg5 46. dxe5 Nh6 47. Nb4 Nf7 48. Nxd5 Nxe5+ 49. Ke4 Nc6 50. f4 Bh4 51. N1e3 g6 52. Kf3 Nd4+ 53. Kg2 Nxc2 54. Nxc2 Bc6 55. Nce3 Bf6 56. Kg3 Bd4 57. Nb4 Bb7 58. Nec2 Bc3 59. Na2 Bd2 60. Nd4 Be4 61. Kg4 Bb1 62. Nb4 Bc3 63. Ndc6+ Kd7 64. Nb8+ Kc7 65. N8xa6+ Kb6 66. Nd5+ Kxa6 67. Nxc3 Bf5+ 68. Kg5 Ka5 69. Nd5 Bc2 70. b4+ Ka4 71. Kf6 Bb3 72. Nc7 Kxb4 73. Kxg6 Bc2+ 74. f5 1/2-1/2

[Event "34th MPL National U14G-ch 2022"]
[Site "Ahmedabad"]
[Date "2022.05.12"]
[Round "8.1"]
[White "Anupam M Sreekumar"]
[Black "Shreya G Hipparagi"]
[Result "1-0"]
[ECO "C54"]
[WhiteElo "1673"]
[BlackElo "1548"]
[Annotator "NA RC COMBH"]
[PlyCount "59"]
[EventDate "2022.05.09"]
[EventType "swiss"]
[EventCountry "IND"]
[SourceTitle "playchess.com"]
[Source "ChessBase"]
[SourceQuality "1"]
[TimeControl "5400+30"]

1. e4 e5 2. Nf3 Nc6 3. Bc4 Bc5 4. c3 Nf6 5. d3 a6 6. O-O d6 7. a4 Ba7 8. Re1 h6 9. Nbd2 O-O 10. h3 Ne7 11. Nf1 Ng6 12. b4 b5 13. Bb3 Bd7 14. d4 Re8 15. Ng3 c5 16. Nf5 Bc6 17. bxc5 dxc5 18. d5 Bb7 19. axb5 axb5 20. c4 Qd7 21. Bb2 Kh7 22. Qc2 Qc7 23. cxb5 Bb6 24. Qc4 Nf4 25. Rxa8 Bxa8 26. d6 Qd7 27. Nxe5 Qa7 28. Nc6 Qd7 29. Bxf6 gxf6 30. Qc1 1-0

[Event "34th MPL National U14G-ch 2022"]
[Site "Ahmedabad"]
[Date "2022.05.12"]
[Round "8.2"]
[White "Jeevika S"]
[Black "Mrittika Mallick"]
[Result "0-1"]
[ECO "B90"]
[WhiteElo "1433"]
[BlackElo "1982"]
[Annotator "TA"]
[PlyCount "138"]
[EventDate "2022.05.09"]
[EventType "swiss"]
[EventCountry "IND"]
[SourceTitle "playchess.com"]
[Source "ChessBase"]
[SourceQuality "1"]
[TimeControl "5400+30"]

1. e4 c5 2. Nf3 d6 3. d4 cxd4 4. Nxd4 Nf6 5. Nc3 a6 6. Be3 e5 7. Nb3 Be7 8. f3 Be6 9. Qd2 Nbd7 10. O-O-O b5 11. Qf2 (11. a3 $11) 11... Qc7 {[%emt 0:05:16] B90: Sicilian Najdorf: Unusual White 6th moves, 6 Be3 Ng4 and 6 Be3 e5.} (11... b4 $17 12. Nd5 Bxd5 13. exd5 a5) 12. Kb1 b4 13. Nd5 Nxd5 {[%emt 0:01:32] The position is equal.} (13... Bxd5 $5 14. exd5 O-O $11) 14. exd5 Bf5 15. g4 Bg6 16. h4 $36 {[%emt 0:02:08][%mdl 2048] White has some pressure.} h6 {[%emt 0:01:54] [#]} (16... h5 $1 $11) 17. h5 $146 (17. f4 $1 $16) ({Predecessor:} 17. Bd3 Bxd3 18. Rxd3 a5 19. f4 a4 20. Nc1 Nf6 21. Qg2 Nd7 22. Ne2 Rc8 23. Ng3 {1-0 (35) Cai,Y (1791)-Wu,Y (2107) Wuxi 2016}) 17... Bh7 $11 18. Bd3 Bxd3 19. Rxd3 a5 20. Nd2 Nf6 (20... a4 $11) 21. Ne4 (21. Nf1 $1 $14) 21... Qc4 (21... Nxe4 $1 $11 22. fxe4 Qc4) 22. Nxf6+ ({Only move:} 22. Ng3 $1 $16) 22... Bxf6 23. Re1 (23. f4 $11) 23... Kd7 $2 {[%emt 0:06:42] [#]} (23... O-O $15) 24. Bc1 (24. f4 $1 $16 ) 24... Rhe8 25. Re4 Qa6 (25... Qb5 $11) 26. Qg2 (26. f4 $14 exf4 27. Rxf4 (27. Qxf4 Rxe4 28. Qxe4 Rh8 $11)) 26... Bg5 $1 27. Bxg5 hxg5 28. Qd2 f6 29. Qe2 Rac8 30. Rd1 (30. a3 $11) 30... Qxe2 $17 31. Rxe2 {[%emt 0:00:05][%mdl 4096] Endgame KRR-KRR} Rc4 32. Re4 Rec8 33. Rd2 R4c5 (33... Ke7 $17 34. Rde2 f5 35. gxf5 Kf6) 34. Ree2 (34. Re3 $1 $15 {was preferrable.}) 34... Rb5 35. Rd3 Rcc5 36. Red2 Rc4 37. Re2 Rd4 38. Rxd4 exd4 $15 {[%emt 0:00:16][%cal Be5d4,Bd4d3,Bd3d2][%mdl 32] KR-KR} 39. Re4 Rxd5 {[%emt 0:00:14] ...Re5 is the strong threat.} 40. Kc1 d3 41. c3 bxc3 42. bxc3 d2+ $1 43. Kd1 Rd3 44. Ra4 Rxc3 {[%emt 0:23:45] Black is more active.} (44... Ke6 $17 45. Rxa5 Rxf3) 45. Kxd2 $2 ({White has to play} 45. Rxa5 $15 Rxf3 46. Ra7+ Ke6 47. Rxg7) 45... Rxf3 $19 46. Rxa5 Ke7 (46... Rf4 $19 {White must now prevent ...Ke7.} 47. Ra7+ Ke6) 47. Ra7+ $15 Kf8 48. Ra8+ Kf7 {[%emt 0:00:29] And now ...Rf4 would win.} 49. Ra7+ Kg8 50. Ra4 Kh7 51. Rd4 $2 {[%emt 0:02:25] [#] Black continues to play with concentration.} (51. Ke2 $15 Rc3 52. Rd4) 51... Ra3 $1 $19 52. Rxd6 $2 (52. Ke2 {was called for.}) 52... Ra4 53. Ke3 (53. Kc3 $142 Rxg4 54. Kb3) 53... Rxg4 54. Rd4 Rg3+ 55. Kf2 Ra3 {[%emt 0:00:05] aiming for ...Kh6.} 56. Rd2 (56. Rd8 $142) 56... Kh6 57. Kg2 Kxh5 {[%emt 0:00:05] ( -> ...f5)} 58. Kh2 f5 {[%emt 0:00:12][%cal Bf6f5,Bf5f4,Bf4f3,Bf3f2][%mdl 32] Black mates.} 59. Kg2 f4 60. Kh2 g4 61. Kg1 g3 62. Rd7 g5 63. Rd2 f3 64. Rb2 Kg4 65. Rc2 Kh3 66. Rg2 Re3 67. Rf2 Re1+ 68. Rf1 f2+ 69. Kh1 g2# {[%emt 0:00:02] Weighted Error Value: White=0.86/Black=0.28 (precise)} 0-1

[Event "34th MPL National U14G-ch 2022"]
[Site "Ahmedabad"]
[Date "2022.05.12"]
[Round "8.3"]
[White "Sneha Halder"]
[Black "Rajanya Datta"]
[Result "0-1"]
[ECO "A01"]
[WhiteElo "1557"]
[BlackElo "1589"]
[Annotator "NA RC COMBH"]
[PlyCount "78"]
[EventDate "2022.05.09"]
[EventType "swiss"]
[EventCountry "IND"]
[SourceTitle "playchess.com"]
[Source "ChessBase"]
[SourceQuality "1"]
[TimeControl "5400+30"]

1. b3 d5 2. Bb2 Nf6 3. g3 Bf5 4. Nf3 h6 5. Bg2 Nbd7 6. d3 e6 7. Nbd2 Be7 8. e3 O-O 9. Qe2 Bh7 10. h4 c5 11. e4 dxe4 12. dxe4 Qc7 13. Ng5 Bg6 14. Nh3 Bh5 15. Bf3 Bxf3 16. Qxf3 b5 17. g4 Ne5 18. Qg3 Nfxg4 19. f4 Ng6 20. Qxg4 Bxh4+ 21. Ke2 c4 22. bxc4 bxc4 23. Bc3 Qe7 24. Ng1 Qa3 25. Nb1 Qa4 26. Kd2 Rfd8+ 27. Kc1 Be7 28. a3 e5 29. Nf3 Nxf4 30. Nxe5 Bg5 31. Nd2 f6 32. Nexc4 Rac8 33. Bb4 a5 34. Bd6 Rxc4 35. Nxc4 Nd3+ 36. Kb1 Rb8+ 37. Bb4 Rxb4+ 38. axb4 Qxb4+ 39. Ka2 Qxc4+ 0-1

[Event "34th MPL National U14G-ch 2022"]
[Site "Ahmedabad"]
[Date "2022.05.12"]
[Round "8.4"]
[White "Roy Aanya"]
[Black "Debapriya Manna"]
[Result "1-0"]
[ECO "B35"]
[WhiteElo "1560"]
[BlackElo "1384"]
[Annotator "NA RC COMBH"]
[PlyCount "81"]
[EventDate "2022.05.09"]
[EventType "swiss"]
[EventCountry "IND"]
[SourceTitle "playchess.com"]
[Source "ChessBase"]
[SourceQuality "1"]
[TimeControl "5400+30"]

1. e4 c5 2. Nf3 g6 3. d4 cxd4 4. Nxd4 Bg7 5. Nc3 Nc6 6. Be3 Nf6 7. Bc4 Qa5 8. O-O O-O 9. Bb3 d6 10. h3 Bd7 11. Re1 Nxd4 12. Bxd4 Bc6 13. Nd5 Bxd5 14. exd5 Rae8 15. c4 Nd7 16. Bxg7 Kxg7 17. Ba4 Qc7 18. Qd4+ Kg8 19. Bxd7 Qxd7 20. Qxa7 Rc8 21. b3 Rc5 22. Re2 e5 23. dxe6 fxe6 24. Rd1 Rcf5 25. Qb6 Rd8 26. Rxe6 Qxe6 27. Qxd8+ Kg7 28. Qxd6 Qe2 29. Qd2 Rxf2 30. Qxe2 Rxe2 31. Rd7+ Kg8 32. a4 b6 33. Rd6 b5 34. cxb5 Re3 35. Rd8+ Kg7 36. Rd7+ Kg8 37. a5 Rxb3 38. b6 Rb5 39. Ra7 Kf8 40. b7 Ke8 41. Ra8+ 1-0

[Event "34th MPL National U14G-ch 2022"]
[Site "Ahmedabad"]
[Date "2022.05.12"]
[Round "8.5"]
[White "Bhat Sannidhi Ramakrishna"]
[Black "Sanikommu Manasvi"]
[Result "1-0"]
[ECO "A48"]
[WhiteElo "1373"]
[BlackElo "1399"]
[Annotator "NA RC COMBH"]
[PlyCount "53"]
[EventDate "2022.05.09"]
[EventType "swiss"]
[EventCountry "IND"]
[SourceTitle "playchess.com"]
[Source "ChessBase"]
[SourceQuality "1"]
[TimeControl "5400+30"]

1. d4 Nf6 2. Nf3 g6 3. Bg5 Bg7 4. Nbd2 d6 5. c3 Nbd7 6. e4 O-O 7. Be2 h6 8. Bh4 c5 9. O-O b6 10. Re1 Bb7 11. e5 dxe5 12. dxe5 Ng4 13. e6 Nde5 14. h3 Nxf3+ 15. Bxf3 Bxf3 16. Nxf3 Nf6 17. exf7+ Kh7 18. Qc2 Qd7 19. Rad1 Qf5 20. Qxf5 gxf5 21. Rxe7 a5 22. Ne5 Rad8 23. Rxd8 Rxd8 24. Bxf6 Bxf6 25. f8=Q+ Bxe7 26. Qf7+ Kh8 27. Ng6# 1-0

[Event "34th MPL National U14G-ch 2022"]
[Site "Ahmedabad"]
[Date "2022.05.12"]
[Round "8.6"]
[White "Pragnya H G"]
[Black "Krishika Garg"]
[Result "1-0"]
[ECO "B19"]
[WhiteElo "1605"]
[BlackElo "1318"]
[Annotator "NA RC COMBH"]
[PlyCount "73"]
[EventDate "2022.05.09"]
[EventType "swiss"]
[EventCountry "IND"]
[SourceTitle "playchess.com"]
[Source "ChessBase"]
[SourceQuality "1"]
[TimeControl "5400+30"]

1. e4 c6 2. d4 d5 3. Nc3 dxe4 4. Nxe4 Bf5 5. Ng3 Bg6 6. h4 h6 7. Nf3 e6 8. h5 Bh7 9. Bd3 Bxd3 10. Qxd3 Nd7 11. Bd2 Ngf6 12. O-O-O Bd6 13. Ne4 Nxe4 14. Qxe4 Nf6 15. Qe2 Qc7 16. g3 O-O-O 17. c4 Rhe8 18. Bc3 Qe7 19. a3 Kb8 20. Kb1 Rc8 21. Ne5 Red8 22. Rhe1 Qc7 23. f4 c5 24. Ka2 Bxe5 25. dxe5 Ng8 26. g4 Ne7 27. Rd6 Nc6 28. Red1 Qe7 29. Qf2 b6 30. Qf3 Na5 31. Bxa5 bxa5 32. Qb3+ Ka8 33. Qb5 Rxd6 34. exd6 Qd8 35. d7 Rc7 36. Qxa5 Kb8 37. Rd6 1-0

[Event "34th MPL National U14G-ch 2022"]
[Site "Ahmedabad"]
[Date "2022.05.12"]
[Round "8.7"]
[White "Pournami S"]
[Black "Arushi Srichandan"]
[Result "1-0"]
[ECO "C01"]
[WhiteElo "1376"]
[BlackElo "1292"]
[Annotator "NA RC COMBH"]
[PlyCount "65"]
[EventDate "2022.05.09"]
[EventType "swiss"]
[EventCountry "IND"]
[SourceTitle "playchess.com"]
[Source "ChessBase"]
[SourceQuality "1"]
[TimeControl "5400+30"]

1. e4 e5 2. Nf3 Nf6 3. Nxe5 d6 4. Nf3 Nxe4 5. d3 Nf6 6. d4 d5 7. Bd3 Be7 8. O-O O-O 9. Be3 Bg4 10. Nbd2 Nbd7 11. c3 c6 12. Qc2 Qc7 13. Rfe1 Rfe8 14. h3 Bh5 15. Ne5 Bg6 16. f4 Bxd3 17. Qxd3 Nxe5 18. fxe5 Nd7 19. Qf5 f6 20. Bf4 fxe5 21. Qe6+ Kh8 22. Bxe5 Nxe5 23. Rxe5 Bf8 24. Qxe8 Rxe8 25. Rxe8 Qf7 26. Ra8 h6 27. Rf1 Qh5 28. Rfxf8+ Kh7 29. Nf3 Kg6 30. Kh2 Qf5 31. Nh4+ Kg5 32. Rxf5+ Kxh4 33. g3# 1-0